[ PARTIDA AOE2 · #474397912 ]
UnrankedEspañoles vs Chinese
Equipo del jugador · DERR
Equipo rival · VICT
[ ANÁLISIS DE REPETICIÓN · EXTRAÍDO DE LA PARTIDA GRABADA ]
Feudal
9:34
Castillos
22:54
Imperial
34:27
| APM promedio | 29.7 |
| APM pico | 83 |
| eAPM promedio | 13.1 |
| Aldeanos / militares | 105 / 208 |
Foco
⚔️ 32.9% · 🌾 67.1%
Knight ×147 · Conquistador ×43 · Scout Cavalry ×14 · Trebuchet (Packed) ×2 · Monk ×1 · Missionary ×1
Feudal
11:02
Castillos
19:09
Imperial
37:28
| APM promedio | 30.8 |
| APM pico | 52 |
| eAPM promedio | 17.4 |
| Aldeanos / militares | 128 / 136 |
Foco
⚔️ 41.4% · 🌾 58.6%
Spearman ×49 · Skirmisher ×32 · Chu Ko Nu ×19 · Fire Lancer ×12 · Iron Pagoda ×8 · Trebuchet (Packed) ×6
Mapa de la partida
Recursos iniciales + cada clic de construcción. Líneas = muros · curvas = relieve. ◆ oro · ⬟ piedra · ● bayas · ✦ reliquia · ◌ hueco del cierre
Tu base· ✓ Cerrada en 22:54 · 45t muro · sin puerta
Base de ncinko· Abierta — flanco sin cerrar
Terreno inicial suavizado · ◌ = hueco del cierre detectado · pasá el cursor para detalles
Inputs por minuto
— Bocchi Project - - ncinko
Build order — Bocchi Project
Primeras 150 de 347 acciones detectadas
| 0:01 | Crear | Villager (Male) |
| 0:01 | Crear | Villager (Male) |
| 0:01 | Crear | Villager (Male) |
| 0:03 | Construir | House |
| 0:05 | Construir | House |
| 0:28 | Crear | Villager (Male) |
| 0:29 | Crear | Villager (Male) |
| 1:23 | Crear | Villager (Male) |
| 1:23 | Crear | Villager (Male) |
| 1:47 | Construir | Lumber Camp |
| 1:53 | Crear | Villager (Male) |
| 1:53 | Crear | Villager (Male) |
| 2:34 | Crear | Villager (Male) |
| 2:34 | Crear | Villager (Male) |
| 2:49 | Crear | Villager (Male) |
| 2:49 | Crear | Villager (Male) |
| 3:06 | Construir | House |
| 3:07 | Construir | House |
| 3:18 | Crear | Villager (Male) |
| 3:18 | Crear | Villager (Male) |
| 3:18 | Crear | Villager (Male) |
| 3:39 | Crear | Villager (Male) |
| 3:39 | Crear | Villager (Male) |
| 4:05 | Crear | Villager (Male) |
| 4:06 | Crear | Villager (Male) |
| 4:31 | Crear | Villager (Male) |
| 4:32 | Crear | Villager (Male) |
| 4:32 | Crear | Villager (Male) |
| 5:08 | Crear | Villager (Male) |
| 5:13 | Crear | Villager (Male) |
| 5:24 | Investigar | Loom |
| 5:44 | Construir | Mill |
| 7:24 | Investigar | Feudal Age |
| 7:24 | Investigar | Feudal Age |
| 8:14 | Construir | Barracks |
| 8:24 | Construir | House |
| 8:34 | Construir | House |
| 9:13 | Crear | Villager (Male) |
| 9:14 | Crear | Villager (Male) |
| 9:34 | Edad | Edad Feudal |
| 9:53 | Construir | Market |
| 10:04 | Construir | Stable |
| 10:08 | Construir | House |
| 10:20 | Construir | Mining Camp |
| 10:26 | Crear | Villager (Male) |
| 10:29 | Crear | Villager (Male) |
| 10:47 | Crear | Scout Cavalry |
| 10:47 | Crear | Scout Cavalry |
| 10:58 | Construir | Stone Wall |
| 11:09 | Crear | Villager (Male) |
| 11:19 | Construir | Gate |
| 11:24 | Construir | Stone Wall |
| 11:35 | Construir | House |
| 11:38 | Construir | House |
| 11:42 | Construir | Blacksmith |
| 11:48 | Construir | Mining Camp |
| 12:20 | Crear | Villager (Male) |
| 12:20 | Crear | Villager (Male) |
| 12:25 | Crear | Scout Cavalry |
| 12:35 | Construir | Farm |
| 13:15 | Construir | Stone Wall |
| 13:32 | Crear | Villager (Male) |
| 13:33 | Crear | Villager (Male) |
| 13:40 | Construir | Farm |
| 13:40 | Construir | Farm |
| 13:41 | Construir | Farm |
| 13:41 | Construir | Farm |
| 13:41 | Construir | Farm |
| 13:41 | Construir | Farm |
| 13:42 | Construir | Farm |
| 13:42 | Construir | Farm |
| 13:42 | Construir | Farm |
| 14:06 | Construir | Stone Wall |
| 14:30 | Construir | Stone Wall |
| 14:57 | Investigar | Scale Barding Armor |
| 14:57 | Investigar | Forging |
| 15:00 | Construir | Farm |
| 15:14 | Crear | Villager (Male) |
| 15:14 | Crear | Villager (Male) |
| 15:17 | Construir | Farm |
| 15:18 | Construir | Farm |
| 15:18 | Construir | Farm |
| 15:28 | Construir | Farm |
| 15:41 | Construir | Farm |
| 16:19 | Construir | Farm |
| 17:02 | Crear | Villager (Male) |
| 17:03 | Crear | Villager (Male) |
| 17:55 | Construir | Farm |
| 17:55 | Construir | Farm |
| 17:55 | Construir | Farm |
| 17:56 | Construir | Farm |
| 18:48 | Crear | Scout Cavalry |
| 18:48 | Crear | Scout Cavalry |
| 18:48 | Crear | Scout Cavalry |
| 18:49 | Crear | Scout Cavalry |
| 19:14 | Construir | Farm |
| 19:14 | Construir | Farm |
| 19:14 | Construir | Farm |
| 19:24 | Crear | Villager (Male) |
| 19:24 | Crear | Villager (Male) |
| 19:31 | Construir | Market |
| 20:00 | Investigar | Castle Age |
| 20:05 | Construir | Farm |
| 20:22 | Crear | Villager (Male) |
| 20:22 | Crear | Villager (Male) |
| 20:26 | Investigar | Double-Bit Axe |
| 21:12 | Crear | Scout Cavalry |
| 21:13 | Crear | Scout Cavalry |
| 21:13 | Crear | Scout Cavalry |
| 21:28 | Crear | Scout Cavalry |
| 21:34 | Construir | Stable |
| 21:47 | Investigar | Horse Collar |
| 22:00 | Crear | Villager (Male) |
| 22:00 | Crear | Villager (Male) |
| 22:00 | Crear | Villager (Male) |
| 22:15 | Crear | Scout Cavalry |
| 22:22 | Investigar | Bloodlines |
| 22:42 | Construir | Farm |
| 22:54 | Edad | Edad de los Castillos |
| 23:02 | Crear | Scout Cavalry |
| 23:05 | Construir | Farm |
| 23:08 | Construir | Farm |
| 23:19 | Crear | Villager (Male) |
| 23:19 | Crear | Villager (Male) |
| 23:20 | Crear | Villager (Male) |
| 23:20 | Crear | Villager (Male) |
| 23:20 | Crear | Villager (Male) |
| 23:30 | Investigar | Iron Casting |
| 23:32 | Construir | Farm |
| 23:46 | Investigar | Light Cavalry (upgrade) |
| 23:47 | Investigar | Light Cavalry (upgrade) |
| 25:12 | Crear | Villager (Male) |
| 25:12 | Crear | Villager (Male) |
| 25:12 | Crear | Villager (Male) |
| 25:13 | Crear | Villager (Male) |
| 25:13 | Crear | Villager (Male) |
| 25:26 | Construir | Town Center |
| 25:48 | Crear | Villager (Male) |
| 25:48 | Crear | Villager (Male) |
| 25:48 | Crear | Villager (Male) |
| 26:31 | Construir | Farm |
| 26:33 | Crear | Villager (Male) |
| 26:33 | Crear | Villager (Male) |
| 26:34 | Crear | Villager (Male) |
| 26:34 | Crear | Villager (Male) |
| 26:34 | Crear | Villager (Male) |
| 27:02 | Construir | Farm |
| 27:08 | Crear | Villager (Male) |
| 27:08 | Crear | Villager (Male) |
| 27:43 | Investigar | Stone Mining |
Build order — ncinko
Primeras 150 de 429 acciones detectadas
| 0:17 | Investigar | Loom |
| 0:50 | Crear | Villager (Male) |
| 1:32 | Crear | Villager (Male) |
| 1:59 | Construir | Lumber Camp |
| 2:11 | Crear | Villager (Male) |
| 2:27 | Crear | Villager (Male) |
| 2:50 | Construir | House |
| 3:00 | Crear | Villager (Male) |
| 3:17 | Crear | Villager (Male) |
| 4:26 | Crear | Villager (Male) |
| 4:44 | Crear | Villager (Male) |
| 5:02 | Crear | Villager (Male) |
| 5:02 | Crear | Villager (Male) |
| 5:02 | Crear | Villager (Male) |
| 5:16 | Construir | Mill |
| 5:20 | Crear | Villager (Male) |
| 5:57 | Construir | House |
| 6:12 | Crear | Villager (Male) |
| 6:21 | Crear | Villager (Male) |
| 6:38 | Crear | Villager (Male) |
| 7:18 | Crear | Villager (Male) |
| 7:30 | Crear | Villager (Male) |
| 7:55 | Construir | Barracks |
| 8:11 | Construir | Farm |
| 8:41 | Construir | Mining Camp |
| 8:47 | Construir | Farm |
| 8:52 | Investigar | Feudal Age |
| 9:02 | Construir | House |
| 9:13 | Construir | Farm |
| 9:20 | Crear | Militia |
| 9:20 | Crear | Militia |
| 9:41 | Construir | Farm |
| 9:56 | Construir | Farm |
| 10:04 | Crear | Militia |
| 10:33 | Construir | Farm |
| 10:45 | Crear | Militia |
| 11:02 | Edad | Edad Feudal |
| 11:04 | Investigar | Man-at-Arms (upgrade) |
| 11:19 | Construir | Farm |
| 11:27 | Construir | Archery Range |
| 11:38 | Crear | Villager (Male) |
| 11:39 | Crear | Villager (Male) |
| 11:45 | Construir | Farm |
| 12:02 | Crear | Villager (Male) |
| 12:12 | Construir | House |
| 12:13 | Construir | House |
| 12:27 | Crear | Villager (Male) |
| 12:30 | Construir | Farm |
| 12:50 | Construir | Farm |
| 13:08 | Crear | Spearman |
| 13:30 | Crear | Spearman |
| 13:54 | Construir | Farm |
| 14:37 | Crear | Spearman |
| 14:59 | Construir | House |
| 15:09 | Construir | Palisade Wall |
| 15:14 | Crear | Villager (Male) |
| 15:18 | Crear | Villager (Male) |
| 15:26 | Construir | Market |
| 15:40 | Crear | Villager (Male) |
| 15:46 | Construir | Farm |
| 16:20 | Investigar | Castle Age |
| 16:37 | Crear | Villager (Male) |
| 16:53 | Investigar | Horse Collar |
| 17:33 | Investigar | Double-Bit Axe |
| 17:46 | Investigar | Gold Mining |
| 18:33 | Crear | Villager (Male) |
| 18:52 | Crear | Villager (Male) |
| 19:09 | Edad | Edad de los Castillos |
| 19:16 | Construir | Town Center |
| 19:23 | Investigar | Bow Saw |
| 19:27 | Investigar | Wheelbarrow |
| 19:45 | Investigar | Squires |
| 20:09 | Crear | Villager (Male) |
| 20:21 | Crear | Villager (Male) |
| 20:47 | Crear | Fire Lancer |
| 20:53 | Crear | Fire Lancer |
| 20:54 | Crear | Villager (Male) |
| 20:55 | Crear | Villager (Male) |
| 21:08 | Crear | Villager (Male) |
| 21:08 | Crear | Villager (Male) |
| 21:12 | Construir | Farm |
| 21:19 | Construir | Farm |
| 21:34 | Crear | Fire Lancer |
| 21:41 | Construir | Farm |
| 21:43 | Investigar | Heavy Plow |
| 21:48 | Construir | Farm |
| 22:24 | Construir | Town Center |
| 22:34 | Crear | Villager (Male) |
| 22:34 | Crear | Villager (Male) |
| 22:34 | Crear | Villager (Male) |
| 22:48 | Crear | Villager (Male) |
| 22:48 | Crear | Villager (Male) |
| 22:57 | Investigar | Stone Mining |
| 23:02 | Crear | Fire Lancer |
| 23:22 | Crear | Villager (Male) |
| 23:22 | Crear | Villager (Male) |
| 23:27 | Construir | House |
| 23:28 | Construir | House |
| 23:32 | Crear | Villager (Male) |
| 23:44 | Crear | Villager (Male) |
| 23:48 | Crear | Villager (Male) |
| 24:03 | Construir | Blacksmith |
| 24:12 | Crear | Villager (Male) |
| 24:12 | Crear | Villager (Male) |
| 24:14 | Crear | Villager (Male) |
| 24:17 | Crear | Villager (Male) |
| 24:18 | Crear | Villager (Male) |
| 24:22 | Construir | Farm |
| 24:27 | Construir | Farm |
| 24:28 | Construir | Farm |
| 24:31 | Crear | Villager (Male) |
| 24:31 | Crear | Villager (Male) |
| 24:39 | Crear | Fire Lancer |
| 24:58 | Crear | Fire Lancer |
| 25:08 | Investigar | Fletching |
| 25:36 | Construir | Mining Camp |
| 25:47 | Crear | Fire Lancer |
| 25:54 | Crear | Villager (Male) |
| 25:54 | Crear | Villager (Male) |
| 25:54 | Crear | Villager (Male) |
| 25:55 | Crear | Villager (Male) |
| 25:55 | Crear | Villager (Male) |
| 25:55 | Crear | Villager (Male) |
| 26:16 | Construir | Lumber Camp |
| 26:27 | Crear | Villager (Male) |
| 26:27 | Crear | Villager (Male) |
| 26:27 | Crear | Villager (Male) |
| 26:54 | Crear | Villager (Male) |
| 26:54 | Crear | Villager (Male) |
| 26:54 | Crear | Villager (Male) |
| 27:07 | Crear | Villager (Male) |
| 27:10 | Investigar | Stone Shaft Mining |
| 27:11 | Investigar | Gold Shaft Mining |
| 27:18 | Crear | Villager (Male) |
| 27:19 | Crear | Villager (Male) |
| 27:22 | Construir | Farm |
| 27:22 | Construir | Farm |
| 27:23 | Construir | Farm |
| 27:27 | Crear | Villager (Male) |
| 27:27 | Crear | Villager (Male) |
| 27:38 | Crear | Villager (Male) |
| 28:11 | Construir | Town Center |
| 29:00 | Construir | House |
| 29:01 | Construir | House |
| 29:09 | Investigar | Town Watch |
| 29:10 | Crear | Villager (Male) |
| 29:11 | Crear | Villager (Male) |
| 29:30 | Construir | Monastery |
| 29:38 | Construir | University |
| 29:41 | Crear | Villager (Male) |
Cronología de la partida
| 7:55 | ncinko · first_building Barracks |
| 8:14 | Bocchi Project · first_building Barracks |
| 9:34 | Bocchi Project · age_up feudal |
| 10:04 | Bocchi Project · first_building Stable |
| 10:58 | Bocchi Project · wall_segment Stone Wall x18 |
| 11:02 | ncinko · age_up feudal |
| 11:24 | Bocchi Project · wall_segment Stone Wall x10 |
| 11:27 | ncinko · first_building Archery Range |
| 13:15 | Bocchi Project · wall_segment Stone Wall x1 |
| 14:06 | Bocchi Project · wall_segment Stone Wall x14 |
| 14:30 | Bocchi Project · wall_segment Stone Wall x2 |
| 15:09 | ncinko · wall_segment Palisade Wall x3 |
| 19:09 | ncinko · age_up castle |
| 19:58 | Bocchi Project · first_market_sell 100 stone |
| 22:54 | Bocchi Project · age_up castle |
| 24:16 | ncinko · first_market_buy 100 food |
| 29:30 | ncinko · first_building Monastery |
| 29:37 | Bocchi Project · first_building Castle |
| 30:13 | ncinko · first_building Castle |
| 31:06 | Bocchi Project · first_market_buy 100 food |
| 33:10 | ncinko · first_building Siege Workshop |
| 34:27 | Bocchi Project · age_up imperial |
| 37:28 | ncinko · age_up imperial |
| 39:05 | Bocchi Project · first_building Monastery |
| 50:50 | Bocchi Project · resign |
[ ANÁLISIS IA · 1 CRÉDITO ]
¿Qué pasó realmente en esta partida?
Wolo.gg analiza cada decisión: build order, eco, micro, errores típicos por bracket. Análisis personalizado por WhatsApp o Discord en 30 segundos.
Guía civ
Españoles
Perfil
Jugador #5428232